 Dungeon Crawl Stone Soup version 0.20.1-1-g8b1a95d (webtiles) character file.

9519 equalderp2856 the Covert (level 11, -6/55 HPs)
             Began as a Spriggan Fighter on July 21, 2017.
             Mangled by a polar bear (23 damage)
             ... in an ice cave.
             The game lasted 01:17:56 (23316 turns).

equalderp2856 the Covert (Spriggan Fighter)        Turns: 23316, Time: 01:17:57

Health: -6/55      AC:  4    Str: 13    XL:     11   Next: 24%
Magic:  20/23      EV: 24    Int: 11    God:
Gold:   526        SH:  8    Dex: 17    Spells: 12/25 levels left

rFire    . . .     SeeInvis +   a - +0 rapier
rCold    + . .     Gourm    .   c - +1 buckler
rNeg     . . .     Faith    .   D - +0 robe
rPois    .         Spirit   .   O - +2 hat of the Enchanted Forest {rC+}
rElec    .         Reflect  .   F - scarf {cloud immunity}
rCorr    .         Harm     .   (gloves unavailable)
MR       +....                  (boots unavailable)
Stlth    +++++.....             (no amulet)
Regen    0.2/turn               T - +5 ring of slaying
MPRegen  0.2/turn               W - ring of wizardry

@: very quick
A: unfitting armour, see invisible, herbivore 3, speed 3, slow metabolism 2
a: no special abilities


You were in an ice cave.
You were not hungry.

You visited 2 branches of the dungeon, and saw 11 of its levels.
You also visited: Ice Cave.

You collected 526 gold pieces.

Inventory:

Hand Weapons
 a - a +0 rapier (weapon)
 e - a +0 blowgun
 o - a +0 hunting sling
 q - a +1 dagger of speed
 t - a +0 short sword
 u - a +3 dagger
 E - a +0 scimitar
 I - a +1 flail of protection
 J - a +0 shortbow
 S - a +0 rapier
Missiles
 m - 94 sling bullets
 n - 63 bolts
 p - 275 stones (quivered)
 r - 6 needles of frenzy
 s - 36 poisoned needles
 z - 68 arrows
 A - 10 tomahawks
 B - 9 needles of sleeping
Armour
 c - a +1 buckler (worn)
 D - a +0 robe (worn)
 F - a scarf of cloud immunity (worn)
 O - the +2 hat of the Enchanted Forest (worn) {rC+}
   (You found it on level 4 of the Dungeon)

   It protects you from cold.
Magical Staves
 X - an uncursed staff of earth
Jewellery
 x - an uncursed ring of positive energy
 R - an uncursed ring of teleportation
 T - a +5 ring of slaying (left hand)
 W - a ring of wizardry (right hand)
Wands
 P - a wand of lightning (7/15)
 V - a wand of disintegration (24/24)
 Y - a wand of disintegration (11/24)
Scrolls
 g - 6 scrolls of immolation
 h - 7 scrolls of identify
 i - 3 scrolls of amnesia
 k - 6 scrolls of remove curse
 l - 2 scrolls of enchant armour
 G - a scroll of fog
 N - 6 scrolls of teleportation
 Q - a scroll of fear
Potions
 d - 3 potions of might
 v - a potion of flight
 C - 2 potions of brilliance
 H - 2 potions of haste
 K - 2 potions of invisibility
 L - 2 potions of heal wounds
 M - 3 potions of lignification
Books
 b - a book of Misfortune

   Spells                             Type                      Level
   a - Confusing Touch                Hexes                        1
   b - Confuse                        Hexes                        3
   c - Gell's Gravitas                Translocation                3
   d - Petrify                        Transmutation/Earth          4
   e - Metabolic Englaciation         Hexes/Ice                    5
   f - Yara's Violent Unravelling     Hexes/Transmutation          5
 y - a book of Power

   Spells                             Type                      Level
   a - Iskenderun's Battlesphere      Conjuration/Charms           5
   b - Venom Bolt                     Conjuration/Poison           5
   c - Bolt of Magma                  Conjuration/Fire/Earth       5
   d - Iron Shot                      Conjuration/Earth            6
   e - Orb of Destruction             Conjuration                  7
   f - Spellforged Servitor           Conjuration/Summoning        7
 U - a book of Geomancy

   Spells                             Type                      Level
   a - Sandblast                      Earth                        1
   b - Passwall                       Transmutation/Earth          2
   c - Stone Arrow                    Conjuration/Earth            3
   d - Petrify                        Transmutation/Earth          4
   e - Lee's Rapid Deconstruction     Earth                        5
 Z - a book of Maledictions

   Spells                             Type                      Level
   a - Corona                         Hexes                        1
   b - Ensorcelled Hibernation        Hexes/Ice                    2
   c - Confuse                        Hexes                        3
   d - Tukima's Dance                 Hexes                        3
   e - Dazzling Spray                 Conjuration/Hexes            3
Comestibles
 f - 13 bread rations
 j - 3 royal jellies
 w - a fruit


   Skills:
 + Level 5.1 Fighting
 + Level 9.3 Short Blades
 + Level 6.6(6.7) Slings
 + Level 1.4(3.7) Throwing
 + Level 9.3 Dodging
 * Level 10.1 Stealth
 + Level 4.1 Shields
 * Level 7.9 Spellcasting
 + Level 1.9 Conjurations
 * Level 3.1 Hexes
 + Level 3.0 Transmutations
 + Level 1.7 Ice Magic
 + Level 2.4 Earth Magic


You had 12 spell levels left.
You knew the following spells:

 Your Spells              Type           Power        Failure   Level  Hunger
a - Corona                Hex            ##.....      2%          1    None
b - Ensorcelled Hibernat  Hex/Ice        #.....       4%          2    #......
c - Confuse               Hex            ##......     6%          3    ###....
d - Confusing Touch       Hex            ##....       2%          1    None
e - Sandblast             Erth           #.....       2%          1    None
f - Passwall              Tmut/Erth      ##........   4%          2    #......
g - Stone Arrow           Conj/Erth      #.....       10%         3    ###....


Dungeon Overview and Level Annotations

Branches:
Dungeon (10/15)            Temple (0/1) D:4            Lair (1/6) D:10
    Orc: D:9-12

Altars:
Cheibriados
Kikubaaqudgha
Okawaru
Qazlal
Ru
Trog
Uskayaw
The Shining One

Shops:
D:9 *

Annotations:
D:4 Rhok's ghost, amateur MiMo
D:8 2 exclusions, Lorindel's ghost, novice FeCj
D:9 4 exclusions
D:10 3 exclusions


Innate Abilities, Weirdness & Mutations

You are very small and have problems with some larger weapons.
You are too small for most types of armour.
You have supernaturally acute eyesight. (SInv)
You are a herbivore.
You cover ground extremely quickly.
You need consume almost no food.


Message History

You hear a howl!
The polar bear rages.
There is an ice covered gate leading back out of this place here.
Casting: Stone Arrow
Confirm with . or Enter, or press ? or * to list all spells.
Aiming: Stone Arrow
Press: ? - help, Shift-Dir - straight line, f - polar bear
Aim: a polar bear (severely wounded, berserk, fast, unusually strong)
The stone arrow hits the polar bear.
The polar bear is severely wounded.
The polar bear completely misses you. x2; The polar bear claws you.
You puncture the polar bear!
The polar bear is almost dead.
The polar bear misses you. You block the polar bear's attack.
The polar bear claws you.
* * * LOW HITPOINT WARNING * * *
You hit the polar bear.
The polar bear is almost dead.
The polar bear bites you!!
You die...

####
#..##
#.@.#
##h.##
#.∩.#
#...#
#...##
##†..#
#...##
##..#
##.##


You could see a polar bear (berserk).

Vanquished Creatures
  3 two-headed ogres (D:8)
  Pikel (D:8)
  The ghost of Inarius the Reanimator, a novice DsNe (D:7)
  Psyche (D:8)
  Joseph (D:8)
  A troll (D:8)
  A polar bear (IceCv)
  2 hippogriffs
  A spriggan (D:7)
  A wyvern (D:10)
  A yak (IceCv)
  Grum (D:7)
  Menkaure (D:7)
  2 hell hounds (D:10)
  3 orc warriors
  2 ice beasts
  3 black bears
  6 wolves
  A centaur (D:7)
  4 ogres
  A big kobold (D:7)
  5 bullfrogs
  A gnoll sergeant (D:6)
  4 wights (D:10)
  10 killer bees
  4 howler monkeys
  2 bullfrog zombies
  5 crimson imps
  5 hounds
  3 jellies
  7 orc wizards
  A gnoll shaman (D:6)
  5 orc priests
  A centaur zombie (D:8)
  Ijyb (D:3)
  3 centaur skeletons
  11 worker ants
  Terence (D:3)
  An iguana (D:10)
  2 hound skeletons
  12 gnolls
  14 adders
  A shadow imp (D:7)
  An ooze (D:1)
  2 adder skeletons
  2 worms (D:3)
  2 dart slugs
  6 leopard geckos
  35 orcs
  5 giant cockroaches
  12 goblins
  8 hobgoblins
  22 jackals
  16 kobolds
  2 quokkas
  4 ball pythons
  8 bats
  7 frilled lizards
  2 jackal zombies (D:6)
  A quokka skeleton (D:5)
  A quokka zombie (D:6)
  7 rats
280 creatures vanquished.

Vanquished Creatures (others)
  A polar bear (IceCv)
  A slave (D:8)
2 creatures vanquished.

Grand Total: 282 creatures vanquished

Notes
Turn   | Place    | Note
-------+----------+-------------------------------------------
     0 | D:1      | equalderp2856 the Spriggan Fighter began the quest for the Orb.
     0 | D:1      | Reached XP level 1. HP: 11/11 MP: 2/2
    39 | D:1      | Reached XP level 2. HP: 4/16 MP: 3/3
   707 | D:1      | Reached skill level 5 in Dodging
   902 | D:1      | Reached XP level 3. HP: 14/19 MP: 4/4
  1539 | D:2      | Found a sacrificial altar of Ru.
  1591 | D:2      | Found a stormy altar of Qazlal.
  1681 | D:2      | Found a glowing golden altar of the Shining One.
  2157 | D:2      | Reached XP level 4. HP: 21/23 MP: 5/5
  3590 | D:3      | Noticed Terence
  3682 | D:3      | Killed Terence
  3822 | D:3      | Reached skill level 1 in Stealth
  3963 | D:3      | Found an ancient bone altar of Kikubaaqudgha.
  3985 | D:3      | Noticed Ijyb
  4009 | D:3      | Paralysed by Ijyb for 2 turns
  4016 | D:3      | Paralysed by Ijyb for 5 turns
  4033 | D:3      | Killed Ijyb
  4033 | D:3      | Reached skill level 1 in Spellcasting
  4033 | D:3      | Reached XP level 5. HP: 12/27 MP: 5/7
  4324 | D:3      | Noticed an ice beast
  4394 | D:3      | Killed an ice beast
  4394 | D:3      | Reached skill level 1 in Slings
  4394 | D:3      | Reached skill level 2 in Stealth
  4620 | D:3      | Reached XP level 6. HP: 25/32 MP: 9/9
  4935 | D:3      | Noticed an orc warrior
  5723 | D:4      | Noticed Rhok's ghost (amateur MiMo)
  5857 | D:4      | Found a staircase to the Ecumenical Temple.
  6484 | D:4      | Got an ichor-stained hat
  6521 | D:4      | Identified the +2 hat of the Enchanted Forest {rC+} (You found it on level 4 of the Dungeon)
  6595 | D:4      | Reached skill level 3 in Stealth
  7306 | D:5      | Entered Level 5 of the Dungeon
  7414 | D:5      | Found a snail-covered altar of Cheibriados.
  7832 | D:5      | Reached skill level 5 in Short Blades
  7832 | D:5      | Reached XP level 7. HP: 17/36 MP: 11/11
  8344 | D:5      | Reached skill level 4 in Stealth
  8422 | D:5      | Found a hide-covered altar of Uskayaw.
  9802 | D:6      | Reached skill level 5 in Stealth
  9831 | D:6      | Learned a level 1 spell: Corona
  9834 | D:6      | Learned a level 2 spell: Ensorcelled Hibernation
  9838 | D:6      | Learned a level 3 spell: Confuse
 10027 | D:6      | Reached XP level 8. HP: 16/40 MP: 12/14
 10772 | D:7      | Noticed Menkaure
 11135 | D:7      | Noticed Inarius's ghost (novice DsNe)
 11369 | D:7      | Reached skill level 6 in Stealth
 13187 | D:7      | Reached skill level 7 in Stealth
 14153 | D:7      | Killed Inarius's ghost
 14153 | D:7      | Reached skill level 5 in Spellcasting
 14153 | D:7      | Reached XP level 9. HP: 37/45 MP: 15/17
 14419 | D:7      | Killed Menkaure
 15125 | D:8      | Noticed a two-headed ogre
 15128 | D:8      | Reached skill level 8 in Stealth
 15176 | D:8      | Noticed Lorindel's ghost (novice FeCj)
 16523 | D:8      | Noticed Grum
 16689 | D:8      | Noticed a two-headed ogre
 16712 | D:8      | Noticed Psyche
 16718 | D:8      | Reached skill level 5 in Slings
 16720 | D:8      | Killed Psyche
 17201 | D:7      | Reached XP level 10. HP: 24/51 MP: 20/20
 17441 | D:7      | Killed Grum
 17441 | D:7      | Reached skill level 9 in Stealth
 17594 | D:8      | Noticed a two-headed ogre
 17655 | D:8      | Killed a two-headed ogre
 17813 | D:8      | Learned a level 1 spell: Confusing Touch
 17815 | D:8      | Learned a level 1 spell: Sandblast
 17818 | D:8      | Learned a level 2 spell: Passwall
 17825 | D:8      | Learned a level 3 spell: Stone Arrow
 17924 | D:8      | Killed a two-headed ogre
 17924 | D:8      | Reached skill level 1 in Transmutations
 18142 | D:9      | Reached skill level 1 in Hexes
 18244 | D:8      | Found a bloodstained altar of Trog.
 18278 | D:8      | Reached skill level 1 in Earth Magic
 18572 | D:8      | Reached skill level 1 in Conjurations
 19010 | D:8      | Found an iron altar of Okawaru.
 19145 | D:8      | Noticed Joseph
 19147 | D:8      | Killed Joseph
 19147 | D:8      | Reached skill level 1 in Ice Magic
 19241 | D:8      | Noticed Pikel
 19269 | D:8      | Killed Pikel
 19269 | D:8      | Reached skill level 1 in Throwing
 19450 | D:9      | Found Xytattiest's General Store.
 20386 | D:8      | Killed a two-headed ogre
 20386 | D:8      | Reached XP level 11. HP: 54/54 MP: 23/23
 20902 | D:9      | Reached skill level 5 in Fighting
 20902 | D:9      | Reached skill level 10 in Stealth
 21196 | D:10     | Entered Level 10 of the Dungeon
 22170 | D:10     | Found a staircase to the Lair.
 23113 | Lair:1   | Entered Level 1 of the Lair of Beasts
 23162 | Lair:1   | Found a frozen archway.
 23208 | IceCv    | Entered an ice cave
 23316 | IceCv    | Mangled by a polar bear

Skill      XL: |  1  2  3  4  5  6  7  8  9 10 11 |
---------------+----------------------------------+-----
Dodging        | 5 6 7 8 9 |  9.3
Short Blades   | 3 4 5 6 7 8 9 |  9.3
Stealth        | 1 2 3 5 7 8 9 10 | 10.1
Spellcasting   | 1 2 3 5 6 7 |  7.9
Slings         | 1 3 5 6 |  6.6
Shields        | 3 4 |  4.1
Fighting       | 3 4 5 |  5.1
Transmutations | 3 |  3.0
Hexes          | 2 3 |  3.1
Earth Magic    | 2 |  2.4
Conjurations   | 1 |  1.9
Ice Magic      | 1 |  1.7
Throwing       | 1 |  1.4

Action                   |  1- 3 |  4- 6 |  7- 9 | 10-12 || total
-------------------------+-------+-------+-------+-------++-------
Melee: Rapier            |    77 |   286 |   378 |   190 ||   931
       Dagger            |   122 |   102 |    36 |     3 ||   263
       Short sword       |       |       |     4 |       ||     4
       Staff             |       |       |       |    11 ||    11
 Fire: Hunting sling     |       |    59 |    79 |   105 ||   243
       Blowgun           |       |       |       |    17 ||    17
Throw: Stone             |       |       |     2 |    30 ||    32
 Cast: Stone Arrow       |       |       |       |    44 ||    44
  Use: Scroll            |       |     5 |    11 |     2 ||    18
       Potion            |       |     1 |     2 |       ||     3
 Stab: Sleeping          |       |     4 |     8 |     4 ||    16
       Distracted        |       |       |     1 |     1 ||     2
  Eat: Fruit             |       |     3 |       |       ||     3
       Bread ration      |       |     1 |     2 |       ||     3
       Royal jelly       |       |     1 |     1 |       ||     2
Armor: Robe              |    17 |    18 |    17 |    11 ||    63
Dodge: Dodged            |   135 |   226 |   310 |   232 ||   903
Block: Buckler           |    60 |    97 |   112 |    66 ||   335
